 Dungeon Crawl Stone Soup version 0.28-a0-529-g3bad584f25 (webtiles) character file.

Game seed: 16745320925794153190

5048 heikuro the Cleaver (level 10, -10/91 HPs)
             Began as a Minotaur Fighter on Sept 25, 2021.
             Was a Follower of Nemelex Xobeh.
             Mangled by a catoblepas (23 damage)
             ... on level 9 of the Dungeon.
             The game lasted 00:16:23 (11600 turns).

heikuro the Cleaver (Minotaur Fighter)             Turns: 11600, Time: 00:16:24

Health: -10/91     AC: 12    Str: 23    XL:     10   Next: 30%
Magic:  0/21       EV:  8    Int:  5    God:    Nemelex Xobeh [*.....]
Gold:   136        SH:  4    Dex: 11    Spells: 9/9 levels left

rFire   . . .      SeeInvis .   a - +2 war axe (venom)
rCold   . . .      Faith    .   c - +0 buckler
rNeg    . . .      Spirit   +   N - +0 chain mail {Will+}
rPois   .          Reflect  .   (helmet restricted)
rElec   .          Harm     .   (no cloak)
rCorr   +          Rampage  .   (no gloves)
Will    +....                   H - +0 pair of boots
Stlth   ..........              p - amulet of guardian spirit
HPRegen 0.25/turn               h - ring of resist corrosion
MPRegen 0.17/turn               t - ring of magical power

@: no status effects
A: horns 2, retaliatory headbutt
a: Renounce Religion, Draw Escape, Draw Destruction, Draw Summoning


You were on level 9 of the Dungeon.
You worshipped Nemelex Xobeh.
Nemelex Xobeh was aware of your devotion.
You visited 2 branches of the dungeon, and saw 10 of its levels.

You collected 492 gold pieces.
You spent 356 gold pieces at shops.

Inventory:

Hand Weapons
 a - a +2 war axe of venom (weapon)
 b - a +2 whip of venom
Missiles
 q - 24 poisoned darts (quivered)
 J - 4 curare-tipped darts
Armour
 c - a +0 buckler (worn)
 H - a +0 pair of boots (worn)
 N - a +0 chain mail of willpower (worn)
Jewellery
 h - a ring of resist corrosion (left hand)
 p - an amulet of guardian spirit (around neck)
 t - a ring of magical power (right hand)
 K - a ring of positive energy
 M - a ring of magical power
Wands
 r - a wand of polymorph (4)
 x - a wand of paralysis (6)
 B - a wand of flame (41)
 E - a wand of mindburst (27)
 I - a wand of charming (3)
Scrolls
 g - 3 scrolls of magic mapping
 i - 5 scrolls of enchant armour {unknown}
 j - 3 scrolls of enchant weapon {unknown}
 k - a scroll of teleportation {unknown}
 l - 2 scrolls of fear {unknown}
 m - a scroll of immolation {unknown}
 u - a scroll of fog {unknown}
 y - a scroll of vulnerability {unknown}
 z - 2 scrolls of identify
 A - 3 scrolls of amnesia {unknown}
 C - 4 scrolls of blinking {unknown}
 G - 2 scrolls of silence {unknown}
Potions
 d - 2 potions of might
 e - 2 potions of haste
 f - 2 potions of curing
 n - 3 potions of brilliance
 o - a potion of flight {unknown}
 s - 2 potions of mutation
 v - 3 potions of ambrosia
 w - a potion of berserk rage
 D - 3 potions of lignification
 F - a potion of resistance
 L - a potion of heal wounds


   Skills:
 + Level 9.5 Fighting
 * Level 12.5 Axes
 + Level 9.5 Armour
 - Level 4.0 Shields
 + Level 4.0 Invocations


You had 9 spell levels left.
You didn't know any spells.
Your spell library contained the following spells:

 Spells                   Type           Power      Damage    Failure   Level
 Magic Dart               Conj           0%         1d3       97%         1
 Call Imp                 Summ           0%         N/A       99%         2
 Mephitic Cloud           Conj/Pois/Air  0%         N/A       100%        3
 Animate Dead             Necr           0%         N/A       100%        4
 Borgnjor's Vile Clutch   Necr/Erth      0%         N/A       100%        5
 Death Channel            Necr           0%         N/A       100%        6


Dungeon Overview and Level Annotations

Branches:
Dungeon (9/15)             Temple (1/1) D:7            Lair (0/6) D:8
    Orc: D:9-12

Altars:
Ashenzari
Cheibriados
Dithmenos
Elyvilon
Fedhas
Gozag
Hepliaklqana
Kikubaaqudgha
Makhleb
Nemelex Xobeh
Okawaru
Qazlal
Ru
Sif Muna
Trog
Uskayaw
Vehumet
Wu Jian
Yredelemnul
Zin
The Shining One

Shops:
D:1 :   D:7 *   D:8 [[(((


Innate Abilities, Weirdness & Mutations

You have a pair of horns on your head.
You reflexively headbutt those who attack you in melee.


Message History

The catoblepas gores you!!
You hit the catoblepas.
The catoblepas looks even sicker.
You headbutt the catoblepas.
The catoblepas is lightly wounded.
The catoblepas gores you!
You barely miss the catoblepas. You headbutt the catoblepas!
The catoblepas is moderately wounded.
The catoblepas gores you!!
You barely miss the catoblepas.
The catoblepas is moderately wounded.
The catoblepas gores you!!
* * * LOW HITPOINT WARNING * * *
You hit the catoblepas.
The catoblepas looks as sick as possible!
You headbutt the catoblepas.
The catoblepas is moderately wounded.
The catoblepas breathes a plume of calcifying dust at you.
The blast of calcifying dust hits you but does no damage.
The catoblepas breathes a plume of calcifying dust at you.
The blast of calcifying dust hits you but does no damage.
The catoblepas breathes a plume of calcifying dust at you.
The blast of calcifying dust hits you.
* * * LOW HITPOINT WARNING * * *
Unknown command.
The catoblepas breathes a plume of calcifying dust at you.
The blast of calcifying dust hits you but does no damage.
You slash the catoblepas!
The catoblepas looks as sick as possible!
You headbutt the catoblepas.
The catoblepas is severely wounded.
The catoblepas breathes a plume of calcifying dust at you.
The blast of calcifying dust hits you!
* * * LOW HITPOINT WARNING * * *
The catoblepas gores you but does no damage.
The catoblepas breathes a plume of calcifying dust at you.
The blast of calcifying dust hits you.
* * * LOW HITPOINT WARNING * * *
The catoblepas gores you!!
You die...
Your body disappears without a glow.

#..##........
##.##........
######..#######+#
######........#
#.............#
#.....$.......#
#.............#
#.=...........#
#§§..@........#
#..§§Y........#
#....§§..§....##
######..§......#
#########.#
#.....# #.....#
#.....# #.....#.#


You could see a catoblepas (extremely poisoned).

Vanquished Creatures
  Pikel (D:7)
  A hornet (D:8)
  4 yaks (D:8)
  3 steam dragons
  2 water moccasins
  3 orc warriors
  An ice beast (D:5)
  A sky beast (D:7)
  A black bear (D:4)
  6 ogres
  A necrophage (D:6)
  4 centaurs
  2 phantoms (D:5)
  2 lemures (D:7)
  2 kobold brigands
  2 bullfrogs
  A wyvern zombie (D:8)
  3 scorpions
  5 wights
  A howler monkey (D:6)
  A centaur zombie (D:3)
  2 jellies (D:6)
  3 hounds
  4 orc priests
  2 gnoll shamans
  Terence (D:1)
  A bullfrog skeleton (D:6)
  4 iguanas
  Ijyb (D:3)
  3 orc wizards
  A killer bee zombie (D:7)
  2 hound skeletons
  A mummy (D:8)
  Robin (D:2)
  11 gnolls
  5 adders
  2 white imps
  An ufetubus (D:7)
  18 orcs
  7 endoplasms
  2 giant cockroaches
  14 goblins
  14 hobgoblins
  2 jackals (D:2)
  9 kobolds
  2 quokkas (D:1)
  7 ball pythons
  5 frilled lizards
  6 rats
178 creatures vanquished.

Vanquished Creatures (others)
  A fungus (D:8)
1 creature vanquished.

Grand Total: 179 creatures vanquished

Notes
Turn   | Place    | Note
-------+----------+-------------------------------------------
     0 | D:1      | heikuro the Minotaur Fighter began the quest for the Orb.
     0 | D:1      | Reached XP level 1. HP: 19/19 MP: 0/0
   274 | D:1      | Reached XP level 2. HP: 26/27 MP: 1/1
   279 | D:1      | Found Astrew's Book Shoppe.
   342 | D:1      | Reached skill level 3 in Axes
  1045 | D:2      | Noticed Robin
  1049 | D:2      | Reached XP level 3. HP: 31/33 MP: 2/2
  1068 | D:2      | Noticed Terence
  1184 | D:1      | HP: 1/33 [Terence (9)]
  1185 | D:1      | Killed Terence
  1186 | D:1      | Reached XP level 4. HP: 2/40 MP: 3/3
  1484 | D:2      | Killed Robin
  1485 | D:2      | Reached skill level 4 in Axes
  1717 | D:2      | Found a faded altar of an unknown god.
  2648 | D:3      | Noticed Ijyb
  2676 | D:3      | Killed Ijyb
  2677 | D:3      | Reached XP level 5. HP: 35/47 MP: 4/4
  2889 | D:3      | Noticed an ogre
  2896 | D:3      | Killed an ogre
  2897 | D:3      | Reached skill level 5 in Axes
  3172 | D:3      | Reached skill level 5 in Fighting
  3172 | D:3      | Reached skill level 5 in Armour
  3175 | D:3      | Reached XP level 6. HP: 37/56 MP: 5/5
  3505 | D:4      | Reached skill level 6 in Axes
  4992 | D:5      | Entered Level 5 of the Dungeon
  5013 | D:5      | Reached XP level 7. HP: 53/62 MP: 6/6
  5384 | D:5      | Reached skill level 7 in Axes
  5813 | D:5      | Reached skill level 8 in Axes
  6083 | D:5      | Reached XP level 8. HP: 49/71 MP: 7/7
  6640 | D:6      | Reached skill level 9 in Axes
  7034 | D:6      | Found a hide-covered altar of Uskayaw.
  7034 | D:6      | Found an ancient bone altar of Kikubaaqudgha.
  7124 | D:6      | Found a shimmering blue altar of Sif Muna.
  7849 | D:7      | Reached skill level 10 in Axes
  8107 | D:7      | Found a glowing golden altar of the Shining One.
  8148 | D:7      | Reached XP level 9. HP: 54/81 MP: 8/8
  8441 | D:7      | Found a staircase to the Ecumenical Temple.
  8498 | Temple   | Entered the Ecumenical Temple
  8624 | Temple   | Became a worshipper of Nemelex Xobeh the Trickster
  8658 | D:7      | Found Yrgheuqid's Gadget Gallery.
  8930 | D:7      | Reached skill level 1 in Invocations
  9039 | D:7      | Found a shadowy altar of Dithmenos.
  9065 | D:7      | Found a blossoming altar of Fedhas.
  9145 | D:7      | Noticed Pikel
  9158 | D:7      | Killed Pikel
  9159 | D:7      | Reached skill level 11 in Axes
  9651 | D:8      | Found Ibbiu's Antique Armour Emporium.
  9656 | D:8      | Found Ufacu's Armour Shoppe.
  9688 | D:8      | Found an iron altar of Okawaru.
  9707 | D:8      | Paralysed by a hornet for 3 turns
  9996 | D:8      | Found a staircase to the Lair.
 10024 | D:8      | Reached XP level 10. HP: 71/91 MP: 11/11
 10025 | D:8      | Reached skill level 12 in Axes
 10105 | D:8      | Found a broken altar of Ashenzari.
 10209 | D:8      | Found Foheritz's Antique Weapon Shop.
 10344 | D:8      | Reached * piety under Nemelex Xobeh
 10347 | D:8      | Found Nuybom's Antique Weapon Boutique.
 10373 | D:8      | Found Extiuc's Antique Weapon Emporium.
 10503 | D:8      | Found a snail-covered altar of Cheibriados.
 11005 | D:8      | Bought a glimmering battleaxe for 356 gold pieces
 11005 | D:8      | Identified the +4 battleaxe "Restrael" {vamp, rCorr} (You
                  | bought it in a shop on level 8 of the Dungeon)
 11331 | D:9      | Found a bloodstained altar of Trog.
 11409 | D:9      | Found a radiant altar of Vehumet.
 11431 | D:9      | Received a gift from Nemelex Xobeh
 11573 | D:9      | Noticed a catoblepas
 11600 | D:9      | Mangled by a catoblepas

Illustrated notes

Levels and vault maps discovered:
D:1:      scummos_arrival_simple_crosswalls, layout_loops_ring, serial_shops,
          nicolae_shop_waterfront
D:2:      layout_basic, shapermc_ecumenical_altar_venn,
          wander_ebering_terrifying_dragon_lair, uniq_robin, uniq_terence
D:3:      layout_rooms, wad_floor_pattern_2, lemuel_another_geyser, uniq_ijyb
D:4:      layout_basic
D:5:      layout_loops_cross, hangedman_decor_peaks_small,
          chequers_serial_rivers_large_b
D:6:      layout_loops_cross, nicolae_sif_muna_condensation,
          gammafunk_temple_overflow_wave
D:7:      layout_basic, grunt_temple_overflow_open,
          nicolae_tso_carved_into_rock, minmay_temple_entry_butterflies,
          minivault_27, st_stairs_3, nicolae_shop_gadgets, uniq_pikel
D:8:      layout_basic, mainiacjoe_overflow_boulevard, chei_slow_surprise,
          old_standard_altar, serial_shops, shop_coins,
          nicolae_shop_window_shopping, shop, shop, minmay_misc_feat_x,
          nicolae_stop_n_shop_1, chequers_serial_rivers_small_a,
          grunt_ministairs_14
D:9:      layout_basic, lemuel_round_altar, lemuel_tele_altar,
          lemuel_crystal_altar
Temple:   eino_temple_lava

Skill      XL: |  1  2  3  4  5  6  7  8  9 10 |
---------------+-------------------------------+-----
Axes           | 3 4 5 6 8 10 11 12 | 12.5
Fighting       | 4 5 6 7 9 |  9.5
Armour         | 4 5 6 8 9 |  9.5
Shields        | 4 |  4.0
Invocations    | 3 4 |  4.0

Action                   |  1- 3 |  4- 6 |  7- 9 | 10-12 || total
-------------------------+-------+-------+-------+-------++-------
Melee: War axe           |    78 |   101 |   196 |    55 ||   430
       Headbutt          |     9 |    23 |    39 |    18 ||    89
       Unarmed           |       |    12 |       |       ||    12
       Whip              |       |       |    28 |       ||    28
Throw: Dart              |       |       |     7 |       ||     7
  Use: Scroll            |       |     7 |     3 |       ||    10
       Potion            |       |       |     5 |       ||     5
Armor: Scale mail        |    49 |     4 |       |       ||    53
       Chain mail        |       |    59 |    93 |    14 ||   166
       Plate armour      |       |       |    16 |    28 ||    44
Dodge: Dodged            |    26 |    38 |    85 |    18 ||   167
Block: Buckler           |    16 |    29 |    31 |    14 ||    90

Table legend: (Time is in decaauts)
 A = Elapsed time spent in this place.
 B = Non-inter-level travel time spent in this place.
 C = Inter-level travel time spent in this place.
 D = Time resting spent in this place.
 E = Time spent auto-exploring this place.
 F = Levels seen in this place.
 G = Mean time per level.
                   A        B        C        D        E       F      G
               +--------+--------+--------+--------+--------+-----+--------+
         Total |  11691 |  10760 |    931 |   2187 |   6695 |  10 | 1169.1 |
       Dungeon |  11558 |  10633 |    925 |   2187 |   6598 |   9 | 1284.2 |
        Temple |    133 |    127 |      6 |      0 |     97 |   1 |  133.0 |
               +--------+--------+--------+--------+--------+-----+--------+

Top non-repeatable levels by time:
     D:7: 1647 daAuts
     D:4: 1504 daAuts
     D:5: 1464 daAuts
     D:8: 1415 daAuts
     D:2: 1348 daAuts
     D:6: 1335 daAuts
     D:1: 1182 daAuts
     D:3: 1005 daAuts
     D:9: 654 daAuts
  Temple: 133 daAuts
